 Dungeon Crawl Stone Soup version 0.31.0-11-ge490571c62 (webtiles) character file.

Game seed: 17887356598125285963

9 browni3141 the Trooper (level 2, 24/24 HPs)
             Began as a Demonspawn Fighter on Jan 31, 2024.
             Got out of the dungeon alive.
             The game lasted 00:00:09 (262 turns).

browni3141 the Trooper (Demonspawn Fighter)          Turns: 262, Time: 00:00:09

Health: 24/24      AC:  6    Str: 16    XL:     2   Next: 6%
Magic:  2/2        EV:  8    Int:  8    God:
Gold:   24         SH:  4    Dex: 12    Spells: 1/1 levels left

rFire   . . .        a - +0 flail
rCold   . . .        c - +0 buckler
rNeg    . . .        b - +0 scale mail
rPois   .            (no helmet)
rElec   .            (no cloak)
rCorr   .            (no gloves)
SInv    .            (no boots)
Will    .....        (no amulet) Stlth
                     (no ring)
HPRegen 0.24/turn    (no ring)
MPRegen 0.08/turn

%: no passive effects
@: no status effects
A: demonic magic 1
a: no special abilities


You escaped.
You visited 1 branch of the dungeon, and saw 1 of its levels.

You collected 24 gold pieces.

Inventory:

Hand Weapons
 a - a +0 flail (weapon)
Armour
 b - a +0 scale mail (worn)
 c - a +0 buckler (worn)
Jewellery
 e - a ring of fire
Scrolls
 f - a scroll of identify {unknown}
 h - a scroll of brand weapon {unknown}
Potions
 d - a potion of might
 g - a potion of heal wounds {unknown}


   Skills:
 + Level 3.1 Fighting
 + Level 2.0 Maces & Flails
 + Level 2.8 Armour
 + Level 2.8 Shields


You had one spell level left.
You didn't know any spells.
Your spell library was empty.

Dungeon Overview and Level Annotations

Branches:
Dungeon (1/15)

Altars:


Innate Abilities, Weirdness & Mutations

Spells you cast may paralyse adjacent enemies.


Message History

A hobgoblin is nearby!
You closely miss the hobgoblin.
The hobgoblin hits you but does no damage.
A hobgoblin is nearby!
You sock the hobgoblin!
You kill the hobgoblin!
An endoplasm comes into view.
An endoplasm is nearby!
The endoplasm quivers.
An endoplasm is nearby!
You hit the endoplasm.
The endoplasm is almost dead.
The endoplasm hits you but does no damage.
The endoplasm freezes you.
You are frozen.
An endoplasm is nearby!
You hit the endoplasm but do no damage.
The endoplasm is almost dead.
The endoplasm barely misses you.
An endoplasm is nearby!
You sock the endoplasm!
You kill the endoplasm!
A rat comes into view.
The rat squeaks loudly.
You block the rat's attack.
A rat is nearby!
You hit the rat.
You kill the rat!
You now have 11 gold pieces.
Found a stone staircase leading down.
No target in view!
You now have 24 gold pieces (gained 13).
e - a ring of fire No target in view!
An endoplasm comes into view.
The endoplasm quivers.
An endoplasm is nearby!
You block the endoplasm's attack. The endoplasm freezes you.
You are frozen.
You sock the endoplasm!
You kill the endoplasm!
HP restored.
f - a scroll labelled YGEYDE GYCRUHU No target in view!
g - a golden potion No target in view!
h - a scroll labelled ZEGAOL MID No target in view!
Found a stone staircase leading down.
No target in view!
There is a stone staircase leading down here.
A hobgoblin comes into view.
A hobgoblin is nearby!
A hobgoblin is nearby!
The hobgoblin hits you but does no damage.
A hobgoblin is nearby!
You hit the hobgoblin.
The hobgoblin is moderately wounded.
The hobgoblin barely misses you.
A hobgoblin is nearby!
You hit the hobgoblin.
You kill the hobgoblin!
Found an escape hatch in the floor.
No target in view!
No target in view!
No target in view!
No target in view!
A giant cockroach and a bat come into view.
There are monsters nearby!
There are monsters nearby!
There are monsters nearby!
You block the bat's attack.
You barely miss the bat. The bat closely misses you.
The bat hits you but does no damage.
You closely miss the bat. The bat hits you but does no damage. x2
You sock the giant cockroach!
You kill the giant cockroach!
The bat hits you but does no damage.
Your Maces & Flails skill increases to level 2!
You have reached level 2!
Your demonic ancestry asserts itself...
A menacing aura infuses your magic.
You closely miss the bat. The bat hits you but does no damage.
The bat barely misses you.
You hit the bat.
The bat is heavily wounded.
You block the bat's attack. The bat barely misses you.
The bat closely misses you.
You barely miss the bat.
The bat is heavily wounded.
The bat barely misses you.
You hit the bat.
You kill the bat!
No target in view!
No target in view!
You open the door.
There is an open door here.
There is a staircase leading out of the dungeon here.
You have escaped!

....############################
>..........................>...#
..†.################....###.##.#
....### #....# #.##.# ......#
#....# #.##.#
......#########♣♣♣♣#....# #.##.#
......'.......##§.......# #.##.#
....§§#........###......# #.##.#
####§§+.........@##########.##.#
#.§#........###.###......##.#
#..'.......##§...##.###..##.#
#..#########♣♣♣♣.##.# #..##.#
####..# #..............# #..##.#
.....## #.##.#############..##.#
...### #.####.................#
...# #.#.....##.#.#####..####
.### #.#.##..##.#...# #..#


There were no monsters in sight!

Vanquished Creatures
  A bat (D:1)
  2 endoplasms (D:1)
  A giant cockroach (D:1)
  2 hobgoblins (D:1)
  2 rats (D:1)
8 creatures vanquished.

Notes
Turn   | Place    | Note
-------+----------+-------------------------------------------
     0 | D:1      | browni3141 the Demonspawn Fighter began the quest for the
                  | Orb.
     0 | D:1      | Reached XP level 1. HP: 18/18 MP: 1/1
   238 | D:1      | Gained mutation: Spells you cast may paralyse adjacent
                  | enemies. [demonic ancestry]
   238 | D:1      | Reached XP level 2. HP: 24/24 MP: 2/2
   262 | D:$      | Got out of the dungeon alive.

Illustrated notes

Levels and vault maps discovered:
D:1:      roadster_arrival_rocket_small, layout_basic, nicolae_eternal_life

Skill      XL: |  1 |
---------------+----+-----
Maces & Flails | 2 |  2.0
Fighting       | |  3.1
Armour         | |  2.8
Shields        | |  2.8

Action                     || total
---------------------------++-------
  Melee: Flail             ||    19
 Armour: Scale mail        ||     9
  Dodge: Dodged            ||    11
  Block: Buckler           ||     4
